[Event "Titled Tuesday Blitz March 29 Early 2022"]
[White "Bintang, Rasyid A. Hidayat"]
[Black "Janaszak, Dawid"]
[WhiteFideId "7105355"]
[BlackFideId "1119206"]
[WhiteElo "2380"]
[BlackElo "2199"]
[Result "1/2-1/2"]
[Round "06"]
[TimeControl "180+1"]
[Date "2022.03.30"]
[WhiteClock "0:00:09"]
[BlackClock "0:00:09"]

1. d4 Nf6 2. Bf4 b6 3. e3 Bb7 4. Nd2 e6 5. Ngf3 Be7 6. h3 O-O 7. Bd3 c5 8. Nc4 cxd4 9. exd4 d6 10. c3 Nc6 11. O-O Nd5 12. Bh2 b5 13. Ncd2 a6 14. a4 Qb6 15. axb5 axb5 16. Qe2 b4 17. c4 Nf6 18. Nb3 Rfe8 19. Rfe1 Bf8 20. Bg3 Ne7 21. c5 dxc5 22. dxc5 Qd8 23. Bb5 Bc6 24. Rad1 Nfd5 25. Bd6 Qd7 26. Ne5 Bxb5 27. Nxd7 Bxe2 28. Rxe2 Nc6 29. Nxf8 Rxf8 30. Bxf8 Kxf8 31. Nd4 Nce7 32. Nb5 Ra5 33. Nd4 Rxc5 34. Rc2 Ra5 35. Nb3 Ra2 36. Ra1 Rxa1+ 37. Nxa1 Ke8 38. Rc4 Nf5 39. Nc2 Nd6 40. Rh4 b3 41. Nd4 Nc4 42. Nxb3 Nxb2 43. Rxh7 g6 44. Rh4 Nd3 45. g3 Ke7 46. Nd4 Ne5 47. Kg2 Nf6 48. Nf3 Ned7 49. Ra4 Nd5 50. h4 f6 51. Ra7 Kd6 52. Nd4 Nc5 53. Nb5+ Kc6 54. Nd4+ Kd6 55. Rg7 Ke5 56. Nf3+ Kf5 57. Nd4+ Ke5 58. Nc6+ Kd6 59. Na5 Ne7 60. Nc4+ Kd7 61. Nb6+ Kd6 62. Nc4+ Kd7 63. g4 Nd3 64. Kg3 e5 65. Ne3 Nf4 66. Ng2 Ne2+ 67. Kf3 Nd4+ 68. Kg3 Ke6 69. Kh3 Nf3 70. h5 Ng5+ 71. Kh2 gxh5 72. gxh5 Nf5 73. Rg8 Nf3+ 74. Kh3 Ng5+ 75. Kh2 Nf3+ 76. Kh1 Kf7 77. Ra8 Kg7 78. Ra3 e4 79. Nf4 Kh6 80. Kg2 Kg5 81. Nh3+ Kxh5 82. Rxf3 exf3+ 83. Kxf3 Nh4+ 84. Kf4 Ng6+ 85. Kf5 Ne5 86. Nf4+ Kh4 87. Kxf6 Ng4+ 88. Kf5 Nxf2 1/2-1/2


[Site "https://www.chess.com"]

[Event "Titled Tuesday Blitz March 29 Early 2022"]
[White "Borodavkin, Anatoly"]
[Black "Jeet, Jain"]
[WhiteFideId "14150662"]
[BlackFideId "5073022"]
[WhiteElo "1845"]
[BlackElo "2085"]
[Result "0-1"]
[Round "06"]
[TimeControl "180+1"]
[Date "2022.03.30"]
[WhiteClock "0:00:01"]
[BlackClock "0:00:18"]

1. e4 c6 2. d4 d5 3. exd5 cxd5 4. Bd3 Nf6 5. Ne2 Nc6 6. c3 e5 7. dxe5 Nxe5 8. O-O Bc5 9. Bf4 Ng6 10. Bg5 Be6 11. Bb5+ Kf8 12. Nd2 h6 13. Be3 Bxe3 14. fxe3 Ng4 15. Nd4 Qd6 16. Nxe6+ Qxe6 17. Qf3 Qxe3+ 18. Kh1 Qxf3 19. Nxf3 Rd8 20. Nd4 Nf6 21. Rae1 Kg8 22. Nf5 Kh7 23. Ne7 a6 24. Bd3 Rhe8 25. Nxg6 fxg6 26. h4 h5 27. Kg1 Kh6 28. g3 g5 29. Rxe8 Rxe8 30. hxg5+ Kxg5 31. Rf5+ Kg4 32. Kg2 Re3 33. Rf4+ Kg5 34. Bb1 Re2+ 35. Kf3 Rxb2 36. Rf5+ Kg6 37. Bd3 Ne4 38. Rxd5 Rf2+ 39. Ke3 Rxa2 40. Bxe4+ Kh6 41. Bf3 g6 42. Rd7 Ra3 43. Kd3 b5 44. Rd6 b4 45. Rc6 bxc3 46. Rxc3 Ra5 47. Be4 Rg5 48. Kd4 a5 49. Kc4 Kg7 50. Ra3 Rg4 51. Kd5 Kf6 52. Rf3+ Kg5 53. Ke5 Kh6 54. Ra3 Kh7 55. Kd4 Kg7 56. Rxa5 Rxg3 57. Ra7+ Kh6 58. Ra6 h4 59. Ke5 h3 60. Kf4 Rg1 61. Ra8 g5+ 62. Kf3 g4+ 63. Kf2 Rc1 64. Kg3 Rg1+ 65. Kf2 Rd1 66. Kg3 Rd4 67. Bf5 Kg5 0-1


[Site "https://www.chess.com"]

[Event "Titled Tuesday Blitz March 29 Early 2022"]
[White "Bortnyk, Olexandr"]
[Black "Tristan, Leonardo"]
[WhiteFideId "14120828"]
[BlackFideId "113816"]
[WhiteElo "2723"]
[BlackElo "2404"]
[Result "1-0"]
[Round "06"]
[TimeControl "180+1"]
[Date "2022.03.29"]
[WhiteClock "0:00:04"]
[BlackClock "0:00:21"]

1. d4 d5 2. Nc3 Nf6 3. Bf4 c5 4. e4 cxd4 5. Qxd4 Nc6 6. Qa4 dxe4 7. Nb5 e5 8. Bxe5 Bb4+ 9. c3 Nxe5 10. Nc7+ Kf8 11. Qxb4+ Kg8 12. Nxa8 Nd3+ 13. Bxd3 exd3 14. O-O-O Bf5 15. Qf4 Be4 16. f3 Bg6 17. Nc7 h5 18. Nh3 h4 19. Rhe1 Rh5 20. Re5 a6 21. Rxh5 Nxh5 22. Qe5 Kh7 23. Nd5 f6 24. Qd4 Qa5 25. Nb4 Qa4 26. Nf4 Nxf4 27. Qxf4 a5 28. Qxh4+ Kg8 29. Qc4+ Kh7 30. Qb3 Qe8 31. Nxd3 Qe3+ 32. Rd2 Bxd3 33. Qd1 Bg6 34. a3 b5 35. h4 b4 36. axb4 axb4 37. cxb4 Qe6 38. h5 Qc4+ 39. Rc2 Bxc2 40. Qxc2+ 1-0


[Site "https://www.chess.com"]

[Event "Titled Tuesday Blitz March 29 Early 2022"]
[White "Chen, Qi b"]
[Black "Tsvetkov, Andrey"]
[WhiteFideId "8614733"]
[BlackFideId "34139360"]
[WhiteElo "2432"]
[BlackElo "2280"]
[Result "1-0"]
[Round "06"]
[TimeControl "180+1"]
[Date "2022.03.30"]
[WhiteClock "0:00:10"]
[BlackClock "0:00:27"]

1. e4 c5 2. Nf3 d6 3. d4 cxd4 4. Nxd4 Nf6 5. Nc3 a6 6. Rg1 Nc6 7. g4 Nxd4 8. Qxd4 Nxg4 9. Nd5 Ne5 10. Qc3 Rb8 11. Bf4 e6 12. Nc7+ Kd7 13. Bxe5 dxe5 14. O-O-O+ Bd6 15. Rxg7 Rf8 16. f4 Qxc7 17. fxe5 Qxc3 18. bxc3 Ke7 19. exd6+ Kf6 20. Rxh7 Bd7 21. Rh5 Rbc8 22. Kb2 b5 23. e5+ Kg6 24. Be2 f5 25. Rg1+ Kf7 26. Rh7+ Ke8 27. Rgg7 Kd8 28. Rxd7+ 1-0


[Site "https://www.chess.com"]

[Event "Titled Tuesday Blitz March 29 Early 2022"]
[White "Chernomordik, Pavel"]
[Black "Karolczuk, Iwo"]
[WhiteFideId "2804530"]
[BlackFideId "21816972"]
[WhiteElo "2249"]
[BlackElo "2243"]
[Result "0-1"]
[Round "06"]
[TimeControl "180+1"]
[Date "2022.03.30"]
[WhiteClock "0:00:02"]
[BlackClock "0:00:05"]

1. e4 c5 2. Nc3 Nc6 3. Bb5 Nd4 4. Bc4 e6 5. Nge2 g6 6. O-O Bg7 7. Nxd4 cxd4 8. Nb5 d5 9. exd5 a6 10. dxe6 fxe6 11. Na3 Nf6 12. d3 O-O 13. Qe2 Nd5 14. Nb1 b5 15. Bb3 Kh8 16. Nd2 Nf4 17. Qf3 Ra7 18. Ne4 Raf7 19. Bxf4 Rxf4 20. Qe2 e5 21. f3 h5 22. Nc5 Qd6 23. Ne4 Qe7 24. c3 dxc3 25. Nxc3 Rd4 26. Rae1 Qd8 27. Rd1 Bf5 28. Ne4 a5 29. g4 Bc8 30. Kh1 a4 31. Bc2 h4 32. g5 Rf4 33. Qf2 Be6 34. Rg1 Bxa2 35. Rg4 Qf8 36. Qxh4+ Kg8 37. Rxf4 exf4 38. Qg4 Qf5 39. Qxf5 gxf5 40. Nc5 Rb4 41. Ne6 Bxe6 0-1


[Site "https://www.chess.com"]

[Event "Titled Tuesday Blitz March 29 Early 2022"]
[White "Chigaev, Maksim"]
[Black "Toncheva, Nadya"]
[WhiteFideId "4108116"]
[BlackFideId "2924056"]
[WhiteElo "2502"]
[BlackElo "1884"]
[Result "1-0"]
[Round "06"]
[TimeControl "180+1"]
[Date "2022.03.29"]
[WhiteClock "0:00:29"]
[BlackClock "0:00:08"]

1. e4 c5 2. Nc3 Nc6 3. Bb5 Nd4 4. Nf3 Nxb5 5. Nxb5 a6 6. Nc3 d6 7. d4 cxd4 8. Qxd4 Bg4 9. e5 Bxf3 10. gxf3 dxe5 11. Qxe5 Nf6 12. Bd2 Rc8 13. O-O-O Qc7 14. Qe2 e6 15. f4 b5 16. a3 Be7 17. f5 e5 18. Rhg1 g6 19. Bg5 Bxa3 20. Rd3 Be7 21. Bxf6 Bxf6 22. Nd5 Qd6 23. Qe4 O-O 24. fxg6 fxg6 25. Rxg6+ Kh8 26. Nxf6 Rxf6 27. Rxd6 1-0


[Site "https://www.chess.com"]

[Event "Titled Tuesday Blitz March 29 Early 2022"]
[White "Costachi, Mihnea"]
[Black "Zemlyanskii, Ivan"]
[WhiteFideId "1217518"]
[BlackFideId "24249971"]
[WhiteElo "2464"]
[BlackElo "1759"]
[Result "1-0"]
[Round "06"]
[TimeControl "180+1"]
[Date "2022.03.29"]
[WhiteClock "0:01:51"]
[BlackClock "0:00:28"]

1. e4 c5 2. b3 e6 3. Bb2 a6 4. f4 Nc6 5. Nf3 b5 6. a4 b4 7. d3 Bb7 8. Nbd2 d5 9. g3 Nf6 10. e5 Ng4 11. Qe2 Rc8 12. h3 Nh6 13. g4 Be7 14. O-O-O Qc7 15. Bg2 Nd4 16. Nxd4 cxd4 17. Nf3 O-O 18. f5 f6 19. Nxd4 Qxe5 20. Qxe5 fxe5 21. Nxe6 Rfe8 22. Bxe5 Nf7 23. Bxg7 Ng5 24. Bd4 Nxe6 25. fxe6 Bg5+ 26. Kb2 Rxe6 27. Rde1 Rce8 28. Rxe6 Rxe6 29. h4 Bd2 30. g5 Re2 31. Bf3 Re7 32. h5 Rf7 33. Bg4 Rf4 34. Be6+ Kf8 35. Be5 Bc3+ 36. Bxc3 bxc3+ 37. Kb1 d4 38. Rg1 Bf3 39. g6 hxg6 40. hxg6 Kg7 41. Ka2 Bh5 42. b4 Bxg6 43. Kb3 Kf6 44. Bc4 Rf2 45. Bxa6 Bf7+ 46. Bc4 Bxc4+ 47. dxc4 Ke5 48. a5 d3 49. cxd3 Kd4 50. Rg4+ Kxd3 51. Rg3+ Kd4 52. Rxc3 Rf1 53. Rc2 Rb1+ 54. Ka4 Ra1+ 55. Kb5 Rh1 56. a6 Rh8 57. a7 Ra8 58. Kb6 Kd3 59. Kb7 Rh8 60. a8=Q Rxa8 61. Kxa8 Kxc2 62. c5 Kb3 63. c6 Kxb4 64. c7 1-0


[Site "https://www.chess.com"]

[Event "Titled Tuesday Blitz March 29 Early 2022"]
[White "Coto Mederos, Michel"]
[Black "Gatterer, Florian"]
[WhiteFideId "3508528"]
[BlackFideId "811688"]
[WhiteElo "2427"]
[BlackElo "2218"]
[Result "1-0"]
[Round "06"]
[TimeControl "180+1"]
[Date "2022.03.30"]
[WhiteClock "0:00:07"]
[BlackClock "0:00:06"]

1. d4 Nf6 2. Bg5 d5 3. Bxf6 gxf6 4. Nf3 c5 5. e3 Nc6 6. Nbd2 cxd4 7. exd4 e5 8. Bb5 Bd6 9. Qe2 O-O 10. dxe5 fxe5 11. Nb3 e4 12. Nfd4 Bd7 13. O-O-O a6 14. Bxc6 bxc6 15. Qh5 Qf6 16. g4 Qg6 17. Rhg1 Qxh5 18. gxh5+ Kh8 19. h4 a5 20. Kb1 a4 21. Nc1 a3 22. b3 Rg8 23. Nce2 Rxg1 24. Rxg1 Rg8 25. Rxg8+ Kxg8 26. c3 c5 27. Nc2 Bg4 28. Ng3 Be5 29. Ne3 Be6 30. Kc2 d4 31. cxd4 cxd4 32. Nc4 Bxg3 33. fxg3 Bxc4 34. bxc4 Kf8 35. g4 Ke7 36. g5 Kd6 37. h6 Kc5 38. h5 Kxc4 39. g6 d3+ 40. Kd2 fxg6 41. hxg6 Kd4 42. gxh7 e3+ 43. Kd1 d2 44. h8=Q+ Kd3 45. Qd8+ Kc3 46. Qc7+ Kb2 47. h7 Kxa2 48. h8=Q Kb1 49. Qc2# 1-0


[Site "https://www.chess.com"]

[Event "Titled Tuesday Blitz March 29 Early 2022"]
[White "Czerw, Dawid"]
[Black "Sanchez, Robert"]
[WhiteFideId "1145746"]
[BlackFideId "2034360"]
[WhiteElo "2125"]
[BlackElo "2271"]
[Result "1-0"]
[Round "06"]
[TimeControl "180+1"]
[Date "2022.03.30"]
[WhiteClock "0:01:03"]
[BlackClock "0:00:31"]

1. d4 d5 2. c4 e6 3. Nc3 Nf6 4. cxd5 exd5 5. Bg5 Be7 6. e3 c6 7. Bd3 O-O 8. Nge2 Nbd7 9. Qc2 h6 10. Bf4 c5 11. O-O c4 12. Bf5 Nb6 13. h3 Re8 14. f3 Bd6 15. Rae1 Nh5 16. Bxd6 Qxd6 17. Bxc8 Raxc8 18. e4 dxe4 19. fxe4 Ng3 20. e5 Nxe2+ 21. Nxe2 Qd5 22. Rf4 Qa5 23. Ref1 Re7 24. Nc3 Nd5 25. R4f3 Rd8 26. Qf2 Nxc3 27. bxc3 Qc7 28. Rg3 b5 29. Qf6 g6 30. e6 Qxg3 31. exf7+ Kh7 32. Qxe7 Qe3+ 33. Qxe3 1-0


[Site "https://www.chess.com"]

[Event "Titled Tuesday Blitz March 29 Early 2022"]
[White "Dejmek, Mark"]
[Black "Maung, Maung Kyaw Zaw Hein"]
[WhiteFideId "2017628"]
[BlackFideId "13001698"]
[WhiteElo "2259"]
[BlackElo "1785"]
[Result "0-1"]
[Round "06"]
[TimeControl "180+1"]
[Date "2022.03.30"]
[WhiteClock "0:00:01"]
[BlackClock "0:00:24"]

1. Nf3 d5 2. c4 c6 3. Qc2 Nf6 4. g3 dxc4 5. Qxc4 Bf5 6. Bg2 Nbd7 7. O-O e6 8. d3 Be7 9. Nh4 Bg6 10. Qc2 O-O 11. Nxg6 hxg6 12. Nc3 Nd5 13. Nxd5 cxd5 14. Be3 Rc8 15. Qb3 b6 16. Rac1 Bc5 17. Bd2 Qe7 18. a3 Nf6 19. Bg5 Rc7 20. Qa2 Rfc8 21. b4 Bxf2+ 22. Kh1 Rxc1 23. Rxc1 Rxc1+ 24. Bxc1 Qc7 25. Bf4 Qc3 26. Qd2 Qxd2 27. Bxd2 Bd4 28. b5 Bc5 29. a4 Kf8 30. h4 Ke7 31. Bf4 Bd6 32. Bd2 Nd7 33. e4 dxe4 34. Bxe4 Nc5 35. a5 Nxe4 36. dxe4 Bxg3 37. axb6 axb6 38. Be3 Bc7 39. Kg2 f5 40. Kf3 Kf6 41. Bf2 e5 42. Be3 Ke6 0-1


[Site "https://www.chess.com"]

[Event "Titled Tuesday Blitz March 29 Early 2022"]
[White "Del Rio De Angelis, Salvador G."]
[Black "Ronka, Erik"]
[WhiteFideId "2203138"]
[BlackFideId "505080"]
[WhiteElo "2491"]
[BlackElo "2264"]
[Result "1-0"]
[Round "06"]
[TimeControl "180+1"]
[Date "2022.03.30"]
[WhiteClock "0:00:37"]
[BlackClock "0:00:02"]

1. d3 d5 2. c4 c6 3. Qc2 Nf6 4. g3 Bg4 5. Bg2 e6 6. Nf3 Nbd7 7. O-O Bd6 8. b3 O-O 9. Bb2 Qe7 10. a3 e5 11. h3 Bh5 12. Nh4 Bg6 13. Nxg6 hxg6 14. Nd2 a5 15. e3 Rfe8 16. Nf3 e4 17. dxe4 dxe4 18. Nd4 Nc5 19. Bc3 Nd3 20. Qa2 c5 21. Nb5 Be5 22. Rad1 Rad8 23. Bxa5 Ra8 24. Bc3 Red8 25. Rd2 Bxc3 26. Nxc3 Nb4 27. Rxd8+ Qxd8 28. Qb2 Nd3 29. Qa1 Qe7 30. Rd1 Rd8 31. Qb1 Qe5 32. Nxe4 Nxe4 33. Rxd3 Re8 34. Bxe4 Qxe4 35. Qd1 Kh7 36. Qe2 Qf5 37. Kh2 Re6 38. Rd5 Qb1 39. Qg4 Re8 40. Qh4+ Kg8 41. Rd8 Rxd8 42. Qxd8+ Kh7 43. Qb6 Qb2 44. Kg2 Qc2 45. Qxb7 Qf5 46. a4 1-0


[Site "https://www.chess.com"]

[Event "Titled Tuesday Blitz March 29 Early 2022"]
[White "Demchenko, Anton"]
[Black "Le, Tuan Minh"]
[WhiteFideId "4160258"]
[BlackFideId "12401153"]
[WhiteElo "2539"]
[BlackElo "2450"]
[Result "0-1"]
[Round "06"]
[TimeControl "180+1"]
[Date "2022.03.29"]
[WhiteClock "0:00:13"]
[BlackClock "0:00:57"]

1. e4 c5 2. Nf3 Nf6 3. e5 Nd5 4. Nc3 e6 5. Ne4 f5 6. Nc3 Ne7 7. d4 cxd4 8. Nb5 Ng6 9. Nbxd4 Nxe5 10. Nxe5 Qa5+ 11. c3 Qxe5+ 12. Be2 Nc6 13. O-O Be7 14. g3 O-O 15. Bf4 Qf6 16. Nxc6 bxc6 17. Bd6 e5 18. Qb3+ Kh8 19. Bc7 d5 20. f4 e4 21. Be5 Qe6 22. c4 Bc5+ 23. Kg2 d4 24. Rfe1 Qf7 25. Qa4 Qb7 26. b4 Qxb4 27. Qxb4 Bxb4 28. Bxd4 Bxe1 29. Rxe1 Be6 30. Be5 Rfd8 31. Kf2 Rd2 32. a4 Bxc4 0-1


[Site "https://www.chess.com"]

[Event "Titled Tuesday Blitz March 29 Early 2022"]
[White "Derjabin, Ilja"]
[Black "Kamsky, Gata"]
[WhiteFideId "14104768"]
[BlackFideId "2000024"]
[WhiteElo "2341"]
[BlackElo "2645"]
[Result "0-1"]
[Round "06"]
[TimeControl "180+1"]
[Date "2022.03.29"]
[WhiteClock "0:00:42"]
[BlackClock "0:01:25"]

1. d4 f5 2. e4 fxe4 3. f3 e3 4. Bxe3 Nf6 5. Bd3 e6 6. Ne2 b6 7. g4 Bb7 8. Nd2 Nc6 9. c3 Nd5 10. Bf2 Qf6 11. Qc2 g6 12. Ne4 Qxf3 13. Rf1 Ncb4 14. cxb4 Nxb4 15. Nd2 Nxd3+ 16. Kd1 Nxf2+ 17. Ke1 Nd3+ 18. Kd1 Qh3 19. Qxc7 Bg2 20. Rxf8+ Rxf8 21. Nc4 Nxb2+ 22. Nxb2 Rf1+ 23. Kd2 Rxa1 0-1


[Site "https://www.chess.com"]

[Event "Titled Tuesday Blitz March 29 Early 2022"]
[White "Derraugh, Geordie"]
[Black "Guseva, Marina"]
[WhiteFideId "2603950"]
[BlackFideId "4149351"]
[WhiteElo "2116"]
[BlackElo "2160"]
[Result "1-0"]
[Round "06"]
[TimeControl "180+1"]
[Date "2022.03.30"]
[WhiteClock "0:01:34"]
[BlackClock "0:00:46"]

1. e4 c5 2. c3 d5 3. exd5 Qxd5 4. Nf3 Nf6 5. d4 Bg4 6. Be2 e6 7. Na3 Nc6 8. Nb5 Qd8 9. Bf4 Nd5 10. Bg3 a6 11. Na3 Bxf3 12. Bxf3 cxd4 13. cxd4 Bb4+ 14. Kf1 O-O 15. Nc2 Be7 16. Ne3 Bf6 17. Nxd5 exd5 18. Qb3 Nxd4 19. Qxd5 Nxf3 20. Qxf3 Qd2 21. Qe2 Qxe2+ 22. Kxe2 Rfe8+ 23. Kf3 Rad8 24. Rad1 Bxb2 25. Rxd8 Rxd8 26. Rb1 Rd2 27. Ke3 Bc3 28. Rc1 Rxa2 29. Rxc3 f6 30. Rc8+ Kf7 31. Rc7+ Kg6 32. Rxb7 1-0


[Site "https://www.chess.com"]

[Event "Titled Tuesday Blitz March 29 Early 2022"]
[White "Dev, Shah"]
[Black "Abdusattorov, Nodirbek"]
[WhiteFideId "35019058"]
[BlackFideId "14204118"]
[WhiteElo "2075"]
[BlackElo "2663"]
[Result "0-1"]
[Round "06"]
[TimeControl "180+1"]
[Date "2022.03.29"]
[WhiteClock "0:01:09"]
[BlackClock "0:01:18"]

1. d4 Nf6 2. c4 e6 3. Nf3 d5 4. g3 Bb4+ 5. Nbd2 a5 6. Bg2 O-O 7. O-O b6 8. Ne5 Bb7 9. Ndf3 dxc4 10. Nxc4 Nbd7 11. a3 Be7 12. Bf4 Nd5 13. Bd2 c5 14. dxc5 Nxc5 15. Rc1 a4 16. Nd4 Rc8 17. Be1 Bf6 18. e3 Bxd4 19. exd4 Nb3 20. Rc2 Ba6 21. Ne5 Rxc2 22. Qxc2 Bxf1 23. Bxf1 Qc7 24. Qe4 Qc1 25. Bd3 Nf6 26. Qe3 Qxb2 27. Bb4 Rc8 28. Bc4 Qxd4 29. Qe2 Qe4 30. Qb2 Rxc4 31. Nxc4 Qxc4 32. Qe5 h6 0-1


[Site "https://www.chess.com"]

[Event "Titled Tuesday Blitz March 29 Early 2022"]
[White "Di Nicolantonio, Lucas"]
[Black "Osmonbekov, Talaibek"]
[WhiteFideId "680460"]
[BlackFideId "2017253"]
[WhiteElo "2381"]
[BlackElo "2135"]
[Result "0-1"]
[Round "06"]
[TimeControl "180+1"]
[Date "2022.03.30"]
[WhiteClock "0:01:07"]
[BlackClock "0:01:02"]

1. d4 e6 2. c4 f5 3. Nf3 Nf6 4. g3 Be7 5. Bg2 O-O 6. O-O d6 7. b3 a5 8. Bb2 a4 9. bxa4 Qe8 10. Nc3 Nc6 11. d5 Na5 12. Nd2 e5 13. Nb5 Bd8 14. e4 Qg6 15. exf5 Bxf5 16. Rc1 Bd3 17. Re1 b6 18. h3 Nb7 19. Ba3 Nd7 20. Ne4 Bxe4 21. Rxe4 Nbc5 22. Rg4 Qf7 23. f4 h5 24. fxe5 hxg4 25. e6 Qf2+ 26. Kh2 gxh3 27. Kxh3 Ne5 28. Qh5 Qf5+ 29. Qxf5 Rxf5 30. Nd4 Rh5# 0-1


[Site "https://www.chess.com"]

[Event "Titled Tuesday Blitz March 29 Early 2022"]
[White "Estrada Nieto, Julian"]
[Black "Sergienko, Sergey"]
[WhiteFideId "5101018"]
[BlackFideId "4115791"]
[WhiteElo "2246"]
[BlackElo "2193"]
[Result "0-1"]
[Round "06"]
[TimeControl "180+1"]
[Date "2022.03.30"]
[WhiteClock "0:00:06"]
[BlackClock "0:00:06"]

1. e4 c5 2. Nf3 a6 3. c4 e6 4. Nc3 d6 5. Be2 Nf6 6. d4 cxd4 7. Nxd4 Qc7 8. O-O Be7 9. Be3 b6 10. Rc1 Bb7 11. f3 Nbd7 12. Qd2 O-O 13. Rfd1 Rac8 14. Bf1 Qb8 15. a3 Rfe8 16. b4 Bd8 17. Nb3 Bc7 18. Bf4 Ne5 19. Bxe5 dxe5 20. c5 b5 21. a4 Bc6 22. axb5 axb5 23. Ra1 Qb7 24. Qe2 Ra8 25. Nxb5 Rxa1 26. Rxa1 Bxb5 27. Qxb5 Qxb5 28. Bxb5 Rb8 29. Ra7 Rxb5 30. Rxc7 g5 31. c6 Rxb4 32. Rb7 Rc4 33. c7 Kg7 34. Na5 Rc1+ 35. Kf2 Ne8 36. Rb5 Nxc7 37. Rb2 Kf6 38. Nb3 Rc3 39. Nd2 h5 40. Nf1 Na6 41. Ne3 Nc5 42. Ke2 Nd3 43. Rb8 Nf4+ 44. Kf2 Ra3 45. Rh8 Ra2+ 46. Kf1 Kg6 47. Rg8+ Kh6 48. Rh8+ Kg7 49. Rb8 Nd3 50. Rb7 Rf2+ 51. Kg1 Re2 52. Nf1 Nf4 53. Rb1 Rxg2+ 54. Kh1 Rf2 55. Ne3 Rxf3 56. Re1 g4 57. Kg1 Kg6 58. Nf1 Kg5 59. Nd2 Nh3+ 60. Kh1 Rf2 61. Nc4 f6 62. Nd6 h4 63. Nf7+ Kg6 64. Nd8 g3 65. hxg3 hxg3 66. Rg1 Rh2# 0-1


[Site "https://www.chess.com"]

[Event "Titled Tuesday Blitz March 29 Early 2022"]
[White "Ezat, Mohamed"]
[Black "Manolache, Marius"]
[WhiteFideId "10600906"]
[BlackFideId "1201530"]
[WhiteElo "2386"]
[BlackElo "2389"]
[Result "1-0"]
[Round "06"]
[TimeControl "180+1"]
[Date "2022.03.29"]
[WhiteClock "0:00:04"]
[BlackClock "0:00:01"]

1. d4 Nf6 2. c4 Nc6 3. Nf3 e6 4. a3 d6 5. Nc3 g6 6. e4 Bg7 7. Be2 O-O 8. O-O a5 9. Rb1 Nd7 10. Be3 e5 11. d5 Ne7 12. Nd2 f5 13. f3 f4 14. Bf2 g5 15. b4 b6 16. c5 bxc5 17. bxc5 Nxc5 18. Bxc5 dxc5 19. Nb3 Qd6 20. Nb5 Qb6 21. Kh1 Ba6 22. Nd2 Nc8 23. Nc4 Qb8 24. d6 cxd6 25. Nbxd6 Qa7 26. Nxc8 Raxc8 27. Nd6 Bxe2 28. Nxc8 Bxd1 29. Nxa7 Bc2 30. Rb7 c4 31. Nb5 Rd8 32. Rc1 Bb3 33. Nc7 Rd2 34. Nd5 Bf6 35. Nxf6+ Kf8 36. Nxh7+ Ke8 37. Nf6+ Kd8 38. h4 gxh4 39. Ng4 Kc8 40. Rb5 Kd7 41. Nxe5+ Ke6 42. Nxc4 Ba4 43. Rb6+ Ke7 44. Ne5 h3 45. gxh3 Kd8 46. Rb7 Bc2 47. Rh7 Ke8 48. Ng6 Kd8 49. Nxf4 Bd1 50. Ne6+ Ke8 51. Rc8+ 1-0


[Site "https://www.chess.com"]

[Event "Titled Tuesday Blitz March 29 Early 2022"]
[White "Fajdetic, Hrvoje"]
[Black "Shtyka, Sergey"]
[WhiteFideId "14501945"]
[BlackFideId "4138465"]
[WhiteElo "2172"]
[BlackElo "2014"]
[Result "1/2-1/2"]
[Round "06"]
[TimeControl "180+1"]
[Date "2022.03.30"]
[WhiteClock "0:00:12"]
[BlackClock "0:00:09"]

1. d4 c5 2. d5 e5 3. Nc3 d6 4. e4 Be7 5. f4 exf4 6. Bxf4 a6 7. a4 Bf6 8. Nf3 Ne7 9. Be2 Ng6 10. Bg3 Qe7 11. O-O Nd7 12. Qd2 O-O 13. Rab1 Nde5 14. b4 b6 15. a5 cxb4 16. Rxb4 bxa5 17. Ra4 Qc7 18. Nxe5 Bxe5 19. Bxe5 Nxe5 20. Nd1 Bg4 21. Bxg4 Nxg4 22. Rxa5 Rfc8 23. Ra2 Qc4 24. c3 Qxe4 25. Rf4 Qg6 26. Rfa4 Ne5 27. Qe2 Qf6 28. Rxa6 Rab8 29. Ra1 g6 30. R6a4 Qf5 31. Re4 Qd7 32. h3 Ra8 33. Rxa8 Rxa8 34. Ne3 Ra1+ 35. Kh2 Qc7 36. Nc4 Nxc4 37. Qxc4 Qxc4 38. Rxc4 Rd1 39. Rc8+ Kg7 40. c4 Kf6 41. Rc7 h5 42. Kg3 Rf1 43. c5 dxc5 44. Rxc5 Ke5 45. Ra5 f6 46. h4 Rf5 47. d6+ Kxd6 48. Rxf5 gxf5 49. Kf4 Ke6 50. g3 Kf7 51. Kxf5 Kg7 52. g4 hxg4 53. Kxg4 Kg6 54. h5+ Kh6 55. Kf5 Kxh5 56. Kxf6 1/2-1/2


[Site "https://www.chess.com"]

[Event "Titled Tuesday Blitz March 29 Early 2022"]
[White "Fedoseev, Vladimir"]
[Black "Papasimakopoulos, Alexandros"]
[WhiteFideId "24130737"]
[BlackFideId "4244125"]
[WhiteElo "2726"]
[BlackElo "2340"]
[Result "1-0"]
[Round "06"]
[TimeControl "180+1"]
[Date "2022.03.29"]
[WhiteClock "0:01:18"]
[BlackClock "0:00:19"]

1. e4 e6 2. d4 d5 3. e5 b6 4. c4 Bb4+ 5. Nc3 Bxc3+ 6. bxc3 Ba6 7. Qg4 g6 8. Bg5 Qd7 9. cxd5 exd5 10. Qf3 Bxf1 11. Kxf1 Nc6 12. Ne2 h6 13. Bh4 g5 14. Bg3 O-O-O 15. h4 g4 16. Qf4 h5 17. Kg1 Nge7 18. Kh2 Qf5 19. e6 Qxf4 20. Nxf4 fxe6 21. Nxe6 Rd7 22. Rhe1 Nf5 23. Nf4 Nce7 24. Re6 Nxg3 25. fxg3 Nf5 26. Re5 Rf7 27. Nxd5 Kb7 28. Rf1 Rhf8 29. Rf4 c6 30. Nb4 a5 31. Nd3 a4 32. Nb2 b5 33. Nd3 Kb6 34. Nc5 a3 35. Ne6 Re8 36. Ng5 Ree7 37. Nxf7 1-0


[Site "https://www.chess.com"]

[Event "Titled Tuesday Blitz March 29 Early 2022"]
[White "Fier, Alexandr"]
[Black "Martin Duque, Jesus"]
[WhiteFideId "2107139"]
[BlackFideId "2208954"]
[WhiteElo "2571"]
[BlackElo "2243"]
[Result "1-0"]
[Round "06"]
[TimeControl "180+1"]
[Date "2022.03.30"]
[WhiteClock "0:02:18"]
[BlackClock "0:00:45"]

1. d4 Nf6 2. Bg5 b6 3. Bxf6 exf6 4. e4 Bb7 5. Nc3 Bb4 6. Bd3 f5 7. Qe2 O-O 8. f3 Nc6 9. d5 Nd4 10. Qd2 fxe4 11. Bxe4 f5 12. Qxd4 Bxc3+ 13. bxc3 fxe4 14. fxe4 Qh4+ 15. g3 Qg4 16. Kd2 Rae8 17. Re1 c5 18. Qd3 Rf2+ 19. Kc1 Qg5+ 20. Kb2 Rd2 21. Nf3 Qh6 22. Qxd2 1-0


[Site "https://www.chess.com"]

[Event "Titled Tuesday Blitz March 29 Early 2022"]
[White "Fiol, Fabrice"]
[Black "Coelho, Ramyres Santana"]
[WhiteFideId "611670"]
[BlackFideId "2120690"]
[WhiteElo "2425"]
[BlackElo "1888"]
[Result "1-0"]
[Round "06"]
[TimeControl "180+1"]
[Date "2022.03.30"]
[WhiteClock "0:00:31"]
[BlackClock "0:00:02"]

1. e4 c5 2. Nf3 d6 3. d4 cxd4 4. Nxd4 Nf6 5. Nc3 a6 6. g3 e6 7. Bg2 Be7 8. O-O O-O 9. g4 Qc7 10. g5 Nfd7 11. Qh5 g6 12. Qh4 Qc5 13. Nb3 Qe5 14. Bf4 Qg7 15. Rad1 Ne5 16. Bc1 Nbc6 17. f4 Nc4 18. Kh1 h5 19. Rf3 b5 20. Rh3 e5 21. f5 gxf5 22. exf5 Bxf5 23. Bxc6 Bxh3 24. Qxh3 Rac8 25. Be4 Rfd8 26. Nd5 Re8 27. Rg1 Bd8 28. Nf6+ Bxf6 29. gxf6 Qxg1+ 30. Kxg1 Re6 31. Qg3+ Kf8 32. Qg7+ Ke8 33. Qg8+ Kd7 34. Qxf7+ Kd8 35. Qxe6 Rc7 36. Bg5 1-0


[Site "https://www.chess.com"]

[Event "Titled Tuesday Blitz March 29 Early 2022"]
[White "Gabdrakhmanov, Azat"]
[Black "Timofeev, Artyom"]
[WhiteFideId "34189197"]
[BlackFideId "4140419"]
[WhiteElo "2279"]
[BlackElo "2594"]
[Result "0-1"]
[Round "06"]
[TimeControl "180+1"]
[Date "2022.03.29"]
[WhiteClock "0:00:07"]
[BlackClock "0:00:21"]

1. e4 c5 2. Nf3 Nc6 3. d4 cxd4 4. Nxd4 e5 5. Nb5 a6 6. N5c3 Bc5 7. Be2 d6 8. O-O Nf6 9. Bg5 h6 10. Bh4 g5 11. Bg3 Be6 12. Nd2 Nd4 13. Nb3 Nxb3 14. axb3 Bd4 15. Kh1 Bxc3 16. bxc3 Nxe4 17. Qd3 Nxg3+ 18. fxg3 Qc7 19. Rf6 O-O-O 20. b4 Kb8 21. b5 a5 22. b6 Qxb6 23. Rff1 e4 24. Qxe4 Qc6 25. Qd4 Qc5 26. Qd2 Rc8 27. c4 Qb4 28. c3 Qc5 29. Rfb1 Bd7 30. Bf3 Bc6 31. Bxc6 Rxc6 32. Rb5 Qxc4 33. Rbxa5 Kc7 34. Qf2 Re8 35. h3 Re2 36. Qf3 Re5 37. Ra8 Qe6 38. Rf1 f5 39. Qf2 Rcc5 40. Qb2 Re1 41. Rxe1 Qxe1+ 42. Kh2 Qxc3 43. Qe2 Qe5 44. Qd1 f4 45. gxf4 Qxf4+ 46. g3 Qf2+ 47. Kh1 Rc2 0-1


[Site "https://www.chess.com"]